 Dungeon Crawl Stone Soup version 0.30-a0-122-g2a1322497e (webtiles) character file.

Game seed: 15470065680292284804

9564 Iusername the Protected (level 11, -2/148 HPs)
             Began as a Minotaur Fighter on Sept 16, 2022.
             Was a Priest of Trog.
             Slain by a yak (3 damage)
             ... on level 1 of the Lair of Beasts.
             The game lasted 00:18:59 (14415 turns).

Iusername the Protected (Minotaur Fighter)         Turns: 14415, Time: 00:19:00

Health: -2/148     AC: 18    Str: 26    XL:     11   Next: 24%
Magic:  10/10      EV: 12    Int:  5    God:    Trog [***...]
Gold:   597        SH: 11    Dex:  9    Spells: 10/10 levels left

rFire   + . .      SeeInvis .    l - +4 mace of Tauskeh {speed, +Blink rF+}
rCold   . . .      Faith    .    c - +0 buckler
rNeg    . . .      Spirit   .    z - +0 plate armour
rPois   .          Reflect  +    (helmet restricted)
rElec   .          Harm     .    h - +0 cloak
rCorr   .          Rampage  .    (no gloves)
Will    .....                    y - +0 pair of boots
Stlth   ..........               A - amulet of reflection
HPRegen 0.34/turn                C - +4 ring of evasion
MPRegen 0.12/turn                (no ring)

@: berserking, lethally poisoned (-2 -> -4), very quick
A: horns 2, retaliatory headbutt
a: Renounce Religion, Evoke Blink, Berserk, Trog's Hand


You were on level 1 of the Lair of Beasts.
You worshipped Trog.
Trog was most pleased with you.
You visited 2 branches of the dungeon, and saw 11 of its levels.

You collected 597 gold pieces.

Inventory:

Hand Weapons
 l - the +4 mace of Tauskeh (weapon) {speed, +Blink rF+}
   (You found it on level 2 of the Dungeon)

   Attacks with this weapon are significantly faster.
   rF:        It protects you from fire.
   +Blink:    It lets you blink.
Missiles
 v - a throwing net
Armour
 c - a +0 buckler (worn)
 h - a +0 cloak (worn)
 y - a +0 pair of boots (worn)
 z - a +0 plate armour (worn)
Jewellery
 i - a ring of protection from fire
 A - an amulet of reflection (around neck)
 C - a +4 ring of evasion (left hand)
 I - a +6 ring of strength
 J - a ring of ice
Wands
 k - a wand of flame (4) (quivered)
 D - a wand of light (5)
Scrolls
 a - 2 scrolls of magic mapping {unknown}
 b - a scroll of acquirement {unknown}
 d - 3 scrolls of vulnerability {unknown}
 e - 5 scrolls of identify {unknown}
 j - 5 scrolls of immolation
 m - 2 scrolls of torment {unknown}
 p - 2 scrolls of amnesia {unknown}
 q - 2 scrolls of enchant weapon {unknown}
 r - 3 scrolls of noise
 s - 2 scrolls of teleportation
 w - 5 scrolls of butterflies {unknown}
 B - a scroll of blinking {unknown}
 F - a scroll of summoning {unknown}
 G - 2 scrolls of enchant armour {unknown}
Potions
 f - 4 potions of curing {unknown}
 g - 5 potions of mutation {unknown}
 n - 2 potions of flight {unknown}
 o - 2 potions of degeneration {unknown}
 t - 2 potions of brilliance {unknown}
 u - 2 potions of lignification {unknown}
 x - 4 potions of heal wounds
 E - a potion of ambrosia {unknown}
 H - 2 potions of might


   Skills:
 + Level 9.7 Fighting
 + Level 3.6 Long Blades
 - Level 10.0 Maces & Flails
 + Level 12.6 Armour
 + Level 3.1 Dodging
 + Level 2.1 Stealth
 + Level 10.0 Shields
 + Level 1.0 Evocations


You had 10 spell levels left.
You didn't know any spells.
Your spell library contained the following spells:

 Spells                   Type           Power      Damage    Failure   Level
 Freeze                   Ice            0%         1d3       99%         1
 Frozen Ramparts          Ice            0%         1d1       100%        3
 Animate Dead             Necr           0%         N/A       100%        4
 Hailstorm                Conj/Ice       0%         3d3       100%        4
 Ice Form                 Ice/Tmut       0%         N/A       100%        4
 Borgnjor's Vile Clutch   Necr/Erth      0%         N/A       100%        5
 Death Channel            Necr           0%         N/A       100%        6
 Simulacrum               Ice/Necr       0%         N/A       100%        6


Dungeon Overview and Level Annotations

Branches:
Dungeon (10/15)            Temple (0/1) D:7            Lair (1/5) D:8
    Orc (0/2) D:9

Altars:
Cheibriados
Dithmenos
Fedhas
Gozag
Kikubaaqudgha
Makhleb
Okawaru
Qazlal
Sif Muna
Trog
Wu Jian
Xom
Yredelemnul

Shops:
D:7 =

Annotations:
D:10 Harold


Innate Abilities, Weirdness & Mutations

You have a pair of horns on your head.
You reflexively headbutt those who attack you in melee.


Message History

The yak gores you!
* * * LOW HITPOINT WARNING * * *
Unknown command.
You sock the komodo dragon!
You kill the komodo dragon!
Trog accepts your kill.
You feel sick.
Your Shields skill increases to level 10!
You feel sick. The yak closely misses you. You furiously retaliate!
You headbutt the yak! The yak gores you.
* * * LOW HITPOINT WARNING * * *
You see here a komodo dragon corpse.
You hit the yak.
The yak is lightly wounded.
You feel sick. You block the cane toad's attack.
You barely miss the yak. You headbutt the yak!
The yak is moderately wounded.
You feel sick.
You bludgeon the yak!!
You kill the yak!
Trog accepts your kill. The yak barely misses you. You furiously retaliate!
You headbutt the yak.
The cane toad stings you but does no damage.
Your Evocations skill increases to level 1!
You bludgeon the yak!! Your headbutt misses the yak.
The yak is severely wounded.
You feel sick.
You sock the yak!
The yak is almost dead.
The yak gores you but does no damage. x2
You closely miss the yak. You headbutt the yak.
You kill the yak!
Trog accepts your kill.
You feel sick. The cane toad stings you.
* * * LOW HITPOINT WARNING * * *
Your Dodging skill increases to level 3!
You completely miss the yak.
The yak is almost dead.
You block the cane toad's attack. The yak gores you.
You die...

.#. ..... #..+###.... #
.###......#.. ..
#...#....... .##
........#.. ....
+...8...+ ..8..
#.....#Y#......
...#...F@†...#
#.....###..... .
###+.#.# ### ..
##.....# ### ...
#.....##########.###...
#8.>.8#.........^......
#......#####...........
##.8.### ##PPP.......
##### ####.......


You could see a yak and a cane toad.

Vanquished Creatures
  Pikel (D:7)
  Joseph (D:7)
  A komodo dragon (Lair:1)
  A troll (D:10)
  A hornet (D:9)
  7 wyverns
  2 humans (D:8)
  16 yaks
  A steam dragon (D:9)
  An acid dragon (D:10)
  7 water moccasins
  2 sky beasts
  An orc warrior (D:10)
  An ice beast (D:6)
  A black bear (D:8)
  2 ogres (D:5)
  2 centaurs (D:7)
  A phantom (D:5)
  2 necrophages
  4 bullfrogs
  6 scorpions
  A gnoll sergeant (D:10)
  11 wights
  10 killer bees
  A howler monkey (D:6)
  4 hounds
  3 orc priests
  A gnoll bouda (D:7)
  An iguana (D:3)
  7 orc wizards
  Robin (D:4)
  20 gnolls
  10 adders
  A shadow imp (D:5)
  2 white imps
  An ufetubus (D:5)
  3 worms
  4 dart slugs
  17 orcs
  8 endoplasms
  2 giant cockroaches (D:3)
  14 goblins
  9 hobgoblins
  7 jackals
  7 ball pythons
  5 bats
  6 frilled lizards
  11 kobolds
  6 rats
  A spectral orc (D:4)
235 creatures vanquished.

Vanquished Creatures (others)
  An orc (D:7)
  3 fungi
  6 plants
10 creatures vanquished.

Grand Total: 245 creatures vanquished

Notes
Turn   | Place    | Note
-------+----------+-------------------------------------------
     0 | D:1      | Iusername the Minotaur Fighter began the quest for the Orb.
     0 | D:1      | Reached XP level 1. HP: 19/19 MP: 0/0
   130 | D:1      | Reached XP level 2. HP: 27/27 MP: 1/1
   369 | D:1      | Reached skill level 4 in Armour
   956 | D:2      | Reached XP level 3. HP: 30/33 MP: 2/2
  1002 | D:2      | Identified the +2 robe "Bempu" {Contam rPois rCorr}
  1149 | D:2      | Identified the +4 mace of Tauskeh {speed, +Blink rF+}
  1731 | D:3      | Reached XP level 4. HP: 31/41 MP: 3/3
  2108 | D:3      | Reached skill level 1 in Maces & Flails
  2112 | D:3      | Reached XP level 5. HP: 32/47 MP: 4/4
  2420 | D:3      | Reached skill level 1 in Dodging
  2848 | D:4      | Found a shimmering altar of Xom.
  2849 | D:4      | Found a shimmering altar of Xom.
  2850 | D:4      | Found a shimmering altar of Xom.
  2851 | D:4      | Found a shimmering altar of Xom.
  2874 | D:4      | Found a shimmering altar of Xom.
  2876 | D:4      | Found a shimmering altar of Xom.
  2878 | D:4      | Found a shimmering altar of Xom.
  3240 | D:4      | Found a bloodstained altar of Trog.
  3255 | D:4      | Became a worshipper of Trog the Wrathful
  3274 | D:4      | Noticed Robin
  3276 | D:4      | Reached skill level 5 in Armour
  3292 | D:4      | Killed Robin
  3490 | D:4      | Found a shimmering blue altar of Sif Muna.
  3587 | D:4      | Found a basalt altar of Yredelemnul.
  3945 | D:5      | Entered Level 5 of the Dungeon
  3964 | D:5      | Found an opulent altar of Gozag.
  4027 | D:5      | Reached skill level 5 in Fighting
  4027 | D:5      | Reached XP level 6. HP: 56/56 MP: 5/5
  4291 | D:5      | Reached * piety under Trog
  4308 | D:5      | Reached XP level 7. HP: 55/61 MP: 6/6
  4366 | D:5      | Reached skill level 6 in Armour
  4446 | D:5      | Reached skill level 5 in Maces & Flails
  4882 | D:6      | Reached skill level 5 in Shields
  5239 | D:6      | Reached XP level 8. HP: 68/70 MP: 7/7
  5316 | D:6      | Reached skill level 7 in Armour
  5410 | D:6      | Found an ancient bone altar of Kikubaaqudgha.
  5584 | D:6      | Reached ** piety under Trog
  5983 | D:7      | Found a stormy altar of Qazlal.
  6018 | D:7      | Found a staircase to the Ecumenical Temple.
  6023 | D:7      | Noticed Pikel
  6041 | D:7      | Killed Pikel
  6699 | D:7      | Found Jaupp's Jewellery Shop.
  6748 | D:7      | Reached skill level 8 in Armour
  6748 | D:7      | Reached XP level 9. HP: 78/78 MP: 8/8
  7951 | D:7      | Noticed Joseph
  7967 | D:7      | Killed Joseph
  8123 | D:7      | Found an ornate altar of the Wu Jian Council.
  8189 | D:7      | Reached skill level 1 in Stealth
  8192 | D:7      | Reached skill level 9 in Armour
  9811 | D:8      | Found a burning altar of Makhleb.
 10252 | D:8      | Reached skill level 10 in Armour
 10256 | D:8      | Reached XP level 10. HP: 57/88 MP: 9/9
 10260 | D:8      | Reached skill level 10 in Maces & Flails
 10730 | D:8      | Found a staircase to the Lair.
 10796 | D:8      | Found an iron altar of Okawaru.
 10838 | D:8      | Reached skill level 11 in Armour
 11227 | D:8      | Found a blossoming altar of Fedhas.
 11283 | D:8      | Found a snail-covered altar of Cheibriados.
 11684 | D:8      | Found a shadowy altar of Dithmenos.
 12551 | D:9      | Reached skill level 12 in Armour
 12573 | D:9      | Reached *** piety under Trog
 13065 | D:9      | Found a staircase to the Orcish Mines.
 13190 | D:9      | Reached XP level 11. HP: 97/97 MP: 10/10
 13351 | D:10     | Entered Level 10 of the Dungeon
 14200 | D:10     | Noticed a deep elf knight
 14203 | D:10     | Noticed a deep elf knight
 14203 | D:10     | Noticed Harold
 14327 | Lair:1   | Entered Level 1 of the Lair of Beasts
 14408 | Lair:1   | Reached skill level 10 in Shields
 14410 | Lair:1   | HP: 7/148 [poisoned by a cane toad]
 14412 | Lair:1   | Reached skill level 1 in Evocations
 14414 | Lair:1   | HP: 1/148 [cane toad (4)]
 14415 | Lair:1   | Slain by a yak

Illustrated notes

Levels and vault maps discovered:
D:1:      lemuel_arrival_broad_hall, layout_basic
D:2:      layout_loops_ring
D:3:      minmay_angry_zag, layout_rooms, nicolae_kite_square_tiling_tiny
D:4:      minmay_general_purpose_star, layout_basic, amcnicky_altar_gilded,
          nicolae_xom_altar_mimics, mainiacjoe_overflow_surrounded_room,
          yredelemnul_forgotten_temple_becter, uniq_robin
D:5:      layout_loops_ring, mainiacjoe_overflow_six_doors_small
D:6:      layout_rooms, mainiacjoe_overflow_brackets
D:7:      layout_cave_pods, lemuel_doored_altar, kennysheep_mini,
          minmay_temple_entry_mist, serial_shops, shop, uniq_joseph, uniq_pikel
D:8:      layout_loops_ring, nicolae_overflow_hidden_temple, fedhas_altar_2,
          lightli_temple_of_fire, slow_altar_1, okawaru_humans,
          minmay_lair_entry_grove, enter_bailey_1, minmay_misc_feat_iff
D:9:      layout_loops_corners, orc_0_dummy
D:10:     layout_roguey, sword_in_stone
Lair:1:   layout_cave_pods, grunt_megastairs_1

Skill      XL: |  1  2  3  4  5  6  7  8  9 10 11 |
---------------+----------------------------------+-----
Fighting       | 4 5 6 7 9 |  9.7
Armour         | 4 5 6 8 10 12 | 12.6
Long Blades    | 3 |  3.6
Shields        | 4 5 6 7 9 10 | 10.0
Maces & Flails | 1 2 4 6 8 9 10 | 10.0
Dodging        | 1 2 3 |  3.1
Stealth        | 2 |  2.1
Evocations     | 1 |  1.0

Action                   |  1- 3 |  4- 6 |  7- 9 | 10-12 || total
-------------------------+-------+-------+-------+-------++-------
Melee: Long sword        |    70 |       |       |       ||    70
       Headbutt          |     5 |    18 |    43 |    50 ||   116
       Mace              |    17 |   164 |   270 |   287 ||   738
Invok: Berserk           |       |       |       |     1 ||     1
Evoke: Wand              |       |       |     1 |     6 ||     7
  Use: Scroll            |       |       |     3 |     1 ||     4
       Potion            |       |       |     3 |     1 ||     4
Armor: Scale mail        |    50 |    36 |       |       ||    86
       Plate armour      |       |    40 |   169 |    88 ||   297
Dodge: Dodged            |    43 |    39 |   111 |    64 ||   257
Block: Buckler           |    29 |    32 |   114 |   101 ||   276
       Reflection        |       |       |     8 |     2 ||    10

Table legend: (Time is in decaauts)
 A = Elapsed time spent in this place.
 B = Non-inter-level travel time spent in this place.
 C = Inter-level travel time spent in this place.
 D = Time resting spent in this place.
 E = Time spent auto-exploring this place.
 F = Levels seen in this place.
 G = Mean time per level.
                   A        B        C        D        E       F      G
               +--------+--------+--------+--------+--------+-----+--------+
         Total |  14244 |  13868 |    376 |   5595 |   6331 |  11 | 1294.9 |
       Dungeon |  14167 |  13791 |    376 |   5595 |   6282 |  10 | 1416.7 |
          Lair |     77 |     77 |      0 |      0 |     49 |   1 |   77.0 |
               +--------+--------+--------+--------+--------+-----+--------+

Top non-repeatable levels by time:
     D:7: 3718 daAuts
     D:8: 2703 daAuts
     D:3: 1173 daAuts
     D:9: 1107 daAuts
     D:4: 1092 daAuts
     D:1: 963 daAuts
     D:6: 913 daAuts
     D:5: 908 daAuts
    D:10: 858 daAuts
     D:2: 728 daAuts
  Lair:1: 77 daAuts
